[Event "HSG Open 2022 A"]
[Site "Hilversum, Netherlands"]
[Date "2022.06.17"]
[Round "1.1"]
[White "Kanis, Sierk"]
[Black "Beerdsen, Thomas"]
[Result "0-1"]
[TimeControl "1:50 + 0.10"]
[WhiteElo "2026"]
[BlackElo "2494"]

1. d4 Nf6 2. Bf4 c6 3. c4 Qb6 4. Qd2 Ne4 5. Qc2 d5 6. e3 Bf5 7. Bd3 Nd7 8. Ne2 g5 9. Bxg5 Rg8 10. Bh4 Rxg2 11. Nbc3 Nxc3 12. bxc3 Bxd3 13. Qxd3 Rg7 14.
cxd5 cxd5 15. Nf4 Qc6 16. Rb1 e6 17. Ke2 Bd6 18. Nh5 Rg6 19. Rhg1 Kf8 20. Bg3 Rc8 21. Bxd6+ Qxd6 22. Nf4 Rxg1 23.
Rxg1 Nf6 24. Qb5 Rc7 25. Qb3 Ne4 26. Rc1 Qa6+ 27. Ke1 Qa5 28. Ne2 Qa6 29. f3 Nd6 30. Nf4 Rc6 31. Qb1 Qa3 32.
Ne2 h5 33. Kf2 Rb6 34. Qh7 Rb2 35. Rc2 Qxa2 36. Rxb2 Qxb2 37. Qxh5 a5 38. h4 a4 39. Qg5 a3 40. h5 a2 41.
h6 Qb1 42. Qg7+ Ke7 43. h7 a1=Q 44. h8=Q Qe1+ 45. Kg2 Qxe2+ 46. Kh3 Qh1+ 47. Kg4 Qexf3+ 48. Kg5 Ne4# 0-1

[Event "HSG Open 2022 A"]
[Site "Hilversum, Netherlands"]
[Date "2022.06.17"]
[Round "1.2"]
[White "Pijpers, Arthur"]
[Black "Noordhoff, Enno"]
[Result "1-0"]
[TimeControl "1:50 + 0.10"]
[WhiteElo "2455"]
[BlackElo "2026"]

1. e4 c5 2. Nf3 a6 3. Nc3 Nc6 4. d4 cxd4 5. Nxd4 e5 6. Nf5 d6 7. Bc4 g6 8. Ne3 Nf6 9. Ned5 Nxd5 10. Nxd5 b5 11. Bb3 Bg7 12. c3 O-O 13.
h4 h6 14. Be3 Be6 15. a4 Rb8 16. axb5 axb5 17. h5 g5 18. Ra6 Na5 19. Ba2 Bc8 20. Bb6 Bxa6 21. Bxd8 Rbxd8 22. Ne7+ Kh7 23. Bd5 Nb7 24. b4 Rd7 25.
Nf5 Rc8 26. Qa1 Ra8 27. c4 Rdd8 28. Rh3 1-0

[Event "HSG Open 2022 A"]
[Site "Hilversum, Netherlands"]
[Date "2022.06.17"]
[Round "1.3"]
[White "Verkooyen, Frank"]
[Black "Gilmanov, Mansur"]
[Result "0-1"]
[TimeControl "1:50 + 0.10"]
[WhiteElo "2021"]
[BlackElo "2390"]

1. d4 d5 2. c4 e6 3. Nc3 f5 4. cxd5 exd5 5. Bf4 Nf6 6. e3 Bd6 7. Bxd6 Qxd6 8. Bd3 O-O 9. Nge2 c6 10. Qc2 Ne4 11. O-O Be6 12.
Rad1 Nd7 13. f3 Nxc3 14. bxc3 Rae8 15. Ng3 g6 16. e4 fxe4 17. fxe4 dxe4 18. Nxe4 Qd5 19. Qb2 c5 20. Nf2 cxd4 21.
cxd4 Nf6 22. Rd2 Qg5 23. Re2 Bd5 24. Nh3 Rxe2 25. Qxe2 Qh5 26. Qe7 Rf7 27. Qd6 Qg4 28. Nf4 Kg7 29.
Be2 Qd7 30. Qe5 Bxa2 31. Nd3 Qe7 32. Nc5 b6 33. Nd3 Qxe5 34. dxe5 Ne8 35. Rc1 Rc7 36. Ra1 Bc4 37. Kf2 Kf7 38.
Ke3 Re7 39. Kd4 Be6 40. Rf1+ Kg7 41. Nb4 Rd7+ 42. Ke3 Nc7 43. Rf6 a5 44. Bb5 axb4 45. Bxd7 Bxd7 46. Rd6 Bf5 47. Kd2 b5 48.
Rb6 b3 49. Kc1 Ne6 50. Rxb5 Bc2 51. Rb7+ Kh6 52. Rb6 Nc5 53. Kd2 Kg5 54. Rc6 Ne4+ 55. Kc1 Kf5 56. e6 Kf6 57. g4 Ng5 58.
h4 Nxe6 59. g5+ Ke5 60. Rb6 Nc5 61. Rb8 Kd4 62. Kd2 Bf5 63. Rb4+ Kd5 64. Rb8 Kc4 65. Kc1 Kc3 0-1

[Event "HSG Open 2022 A"]
[Site "Hilversum, Netherlands"]
[Date "2022.06.17"]
[Round "1.4"]
[White "Roebers, Eline"]
[Black "Gijsen, William"]
[Result "1-0"]
[TimeControl "1:50 + 0.10"]
[WhiteElo "2378"]
[BlackElo "2019"]

1. e4 c5 2. Nf3 e6 3. d4 cxd4 4. Nxd4 a6 5. Bd3 Bc5 6. Nb3 Ba7 7. O-O d6 8. Nc3 Nf6 9. Qe2 Qc7 10. Kh1 Nbd7 11. f4 b5 12. a4 b4 13. Nd1 O-O 14. Bd2 Rb8 15. Nf2 e5 16. Rac1 Qd8 17.
fxe5 dxe5 18. Bg5 h6 19. Bh4 Qb6 20. Nd2 Qe3 21. Qd1 Qc5 22. Bc4 Bb7 23. Ng4 Nxg4 24. Qxg4 Qd6 25. Rcd1 Nc5 26.
Bf6 g5 27. Qh5 Kh7 28. Bxf7 1-0

[Event "HSG Open 2022 A"]
[Site "Hilversum, Netherlands"]
[Date "2022.06.17"]
[Round "1.5"]
[White "Markus, John Raymond"]
[Black "Harff, Marcel"]
[Result "0-1"]
[TimeControl "1:50 + 0.10"]
[WhiteElo "2019"]
[BlackElo "2329"]

1. d4 Nf6 2. Nf3 e6 3. Bg5 c5 4. e3 Qb6 5. Bxf6 gxf6 6. Nbd2 cxd4 7. exd4 Qxb2 8. Bd3 Nc6 9. O-O Nb4 10.
Rb1 Qa3 11. Bc4 d5 12. Bb5+ Kd8 13. c3 a6 14. Be2 Qxc3 15. Qa4 Bd7 16. Qa5+ Qc7 17. Qa3 Nc6 18. Qb2 Rb8 19. Nb3 Bd6 20.
Rfc1 Ke7 21. Nc5 Bxc5 22. Rxc5 Qd6 23. Qb6 Rhc8 24. Kf1 Nd8 25. Qxd6+ Kxd6 26. Rb6+ Rc6 27. Rcxc6+ Nxc6 28. Ke1 h6 29.
Kd2 e5 30. dxe5+ fxe5 31. g3 Kc5 32. Rb1 b5 33. a3 a5 34. Rc1+ Kd6 35. Rb1 b4 36. axb4 Rxb4 37. Rxb4 axb4 38.
Ne1 Nd4 39. Bd1 Bb5 40. f4 e4 41. g4 Ne6 42. f5 Nd4 43. Ng2 Nf3+ 0-1

[Event "HSG Open 2022 A"]
[Site "Hilversum, Netherlands"]
[Date "2022.06.17"]
[Round "1.6"]
[White "Elgersma, Onno"]
[Black "Straat, Evert-Jan"]
[Result "1-0"]
[TimeControl "1:50 + 0.10"]
[WhiteElo "2312"]
[BlackElo "2017"]

1. e4 e5 2. Nf3 Nf6 3. Nc3 Nc6 4. Bb5 Bb4 5. d3 d6 6. O-O Bg4 7. h3 Bd7 8. Ne2 h6 9. Ng3 Nd4 10.
Bxd7+ Qxd7 11. Nxd4 exd4 12. Qf3 Bc5 13. Nf5 Rg8 14. Nxg7+ Rxg7 15. Qxf6 Rg6 16. Qf5 O-O-O 17.
Qxd7+ Kxd7 18. f4 h5 19. f5 Rg7 20. Bh6 Rg3 21. Bf4 Rg7 22. Kf2 h4 23. Rh1 Rdg8 24. Rag1 c6 25. g4 f6 26.
Kf3 Bb6 27. Rg2 Bd8 28. Rhg1 Be7 29. c3 dxc3 30. bxc3 c5 31. d4 cxd4 32. cxd4 Rc8 33. Rc1 Rxc1 34. Bxc1 Rg8 35. Rc2 Rg7 36.
Bf4 Rg8 37. e5 dxe5 38. dxe5 fxe5 39. Bxe5 Bd8 40. Rd2+ Ke7 41. Ke4 1-0

[Event "HSG Open 2022 A"]
[Site "Hilversum, Netherlands"]
[Date "2022.06.17"]
[Round "1.9"]
[White "Cornelisse, Sam"]
[Black "Van Meegen, Ruud"]
[Result "0-1"]
[TimeControl "1:50 + 0.10"]
[WhiteElo "2008"]
[BlackElo "2285"]

1. e4 c6 2. d4 d5 3. e5 c5 4. dxc5 e6 5. a3 Nc6 6. Nf3 Bxc5 7. b4 Bb6 8. Bb2 Nge7 9. Nbd2 Ng6 10.
Bd3 O-O 11. Bxg6 fxg6 12. O-O g5 13. h3 h6 14. c4 Ne7 15. Rc1 Bd7 16. c5 Bc7 17. Re1 Ng6 18. Nd4 Qe8 19. N2f3 Nf4 20.
Re3 Rc8 21. Ne2 Qg6 22. Qc2 Qh5 23. Nh2 Rf7 24. Ng3 Qg6 25. Ng4 Rcf8 26. Qxg6 Nxg6 27. Rc2 Bc6 28. Bd4 Bb5 29. Re1 Nf4 30.
f3 a5 31. Rd2 Ra8 32. Rb1 axb4 33. axb4 h5 34. Ne3 h4 35. Ngf1 Ne2+ 36. Kh1 Nxd4 37. Rxd4 Bxe5 38. Rg4 Bf4 0-1

[Event "HSG Open 2022 A"]
[Site "Hilversum, Netherlands"]
[Date "2022.06.17"]
[Round "2.1"]
[White "Beerdsen, Thomas"]
[Black "Vlaming, Jos"]
[Result "1-0"]
[TimeControl "1:50 + 0.10"]
[WhiteElo "2494"]
[BlackElo "2107"]

1. e4 g6 2. d4 Bg7 3. Nc3 c6 4. Nf3 d5 5. h3 Nf6 6. e5 Ne4 7. Be2 Nxc3 8. bxc3 O-O 9. h4 c5 10. h5 Nc6 11. Bd2 Bg4 12. hxg6 f6 13.
gxh7+ Kf7 14. Ng5+ fxg5 15. Bxg4 1-0

[Event "HSG Open 2022 A"]
[Site "Hilversum, Netherlands"]
[Date "2022.06.17"]
[Round "2.2"]
[White "Gilmanov, Mansur"]
[Black "Slagboom, Leandro"]
[Result "1-0"]
[TimeControl "1:50 + 0.10"]
[WhiteElo "2390"]
[BlackElo "2098"]

1. d4 d5 2. e3 c5 3. dxc5 Qa5+ 4. Bd2 Qxc5 5. Bc3 Nc6 6. Nd2 e5 7. Ngf3 f6 8. Nb3 Qd6 9. Be2 Be6 10. O-O O-O-O 11. a4 g5 12. Na5 h5 13.
b4 Nxa5 14. bxa5 a6 15. Rb1 Ne7 16. Rb6 Nc6 17. Bb4 Qd7 18. Bxf8 Rdxf8 19. Qd2 Rf7 20. Rfb1 Qe8 21. Ne1 Nd8 22.
Nd3 Rc7 23. Nb4 Qxa4 24. Nxa6 Qxc2 25. Qb4 Bf5 26. Nxc7 Qxb1+ 27. Qxb1 Bxb1 28. Nxd5 Ba2 29. Nxf6 Bf7 30. Ne4 g4 31.
a6 Kc7 32. axb7 Nxb7 33. Rxb7+ Kxb7 34. Nd6+ Kc6 35. Nxf7 Re8 36. Bb5+ 1-0

[Event "HSG Open 2022 A"]
[Site "Hilversum, Netherlands"]
[Date "2022.06.17"]
[Round "2.3"]
[White "Boekelman, Jan"]
[Black "Roebers, Eline"]
[Result "1-0"]
[TimeControl "1:50 + 0.10"]
[WhiteElo "2116"]
[BlackElo "2378"]

1. d4 Nf6 2. c4 g6 3. Nc3 Bg7 4. e4 d6 5. Be2 O-O 6. Bg5 c5 7. d5 e6 8. Qc1 exd5 9. exd5 Re8 10. Nf3 b5 11. cxb5 a6 12. O-O Nbd7 13. a4 Qa5 14. Bd2 Qc7 15. bxa6 Nb6 16. Bb5 Bd7 17.
Rd1 Ne4 18. Nxe4 Rxe4 19. Ba5 Bxb5 20. axb5 c4 21. Qc2 Rf4 22. Qe2 Qc5 23. Qe3 Qxe3 24. fxe3 1-0

[Event "HSG Open 2022 A"]
[Site "Hilversum, Netherlands"]
[Date "2022.06.17"]
[Round "2.4"]
[White "Harff, Marcel"]
[Black "Ercan, Selman"]
[Result "1-0"]
[TimeControl "1:50 + 0.10"]
[WhiteElo "2329"]
[BlackElo "2094"]

1. c4 c6 2. g3 d5 3. Bg2 e5 4.
cxd5 cxd5 5. d4 e4 6. Nc3 Nc6 7. e3 Nf6 8. Nge2 Bd6 9. f3 exf3 10. Bxf3 O-O 11. O-O Bh3 12. Bg2 Bxg2 13. Kxg2 Qe7 14. Qd3 Rad8 15. Bd2 Bb8 16. Rf2 Ne4 17. Nxe4 dxe4 18. Qb3 Rd7 19. Raf1 Qg5 20. Rf5 Qg6 21. Rb5 Nd8 22. Rd5 Rxd5 23.
Qxd5 Ne6 24. Bb4 Rd8 25. Qxb7 Qh5 26. Ng1 f5 27. d5 Nf8 28. Bc3 Nd7 29. Ba5 Nb6 30. Bxb6 axb6 31. Qxb6 Re8 32.
Qc6 1-0

[Event "HSG Open 2022 A"]
[Site "Hilversum, Netherlands"]
[Date "2022.06.17"]
[Round "2.5"]
[White "Labruyere, Roger"]
[Black "Elgersma, Onno"]
[Result "0-1"]
[TimeControl "1:50 + 0.10"]
[WhiteElo "2103"]
[BlackElo "2312"]

1. e4 c6 2. d4 d5 3. e5 Bf5 4.
Nd2 e6 5. Nb3 Nd7 6. Nf3 a6 7. Be3 Ne7 8. Bd3 Bxd3 9. Qxd3 Nf5 10. Bg5 Be7 11. h4 h6 12. Bxe7 Nxe7 13. h5 Rc8 14. c3 c5 15. dxc5 Nxc5 16. Nxc5 Rxc5 17. Nd4 Qb6 18. b4 Rc4 19. O-O O-O 20. Rac1 Rfc8 21.
Nb3 Qc7 22. Rfe1 b6 23. Re3 Nf5 24. Re2 d4 25. g4 Ne7 26. Nxd4 Nd5 27. Ree1 Nxb4 28. Qd2 Nd5 29. g5 Rxc3 30.
Ne2 Rc2 31. Qd4 Rxe2 32. Rxc7 Rxe1+ 33. Kg2 Rxc7 34. gxh6 gxh6 35. Qd2 Rxe5 36. Qxh6 Rf5 37. Qd2 Rxh5 38. Kf3 Rf5+ 39. Kg3 f6 40. Qe2 Rg7+ 41. Kh2 Nf4 0-1

[Event "HSG Open 2022 A"]
[Site "Hilversum, Netherlands"]
[Date "2022.06.17"]
[Round "2.6"]
[White "Wiersma, Eelke"]
[Black "Bosboom, Ardin"]
[Result "1-0"]
[TimeControl "1:50 + 0.10"]
[WhiteElo "2300"]
[BlackElo "2083"]

1. e4 c5 2. Nf3 Nc6 3. d4 cxd4 4. Nxd4 Nf6 5. Nc3 e5 6. Ndb5 d6 7. Bg5 a6 8. Na3 b5 9.
Bxf6 gxf6 10. Nd5 f5 11. Bd3 Be6 12. c3 Bg7 13. Nxb5 axb5 14. Bxb5 Bd7 15. exf5 O-O 16. O-O e4 17. a4 Ne5 18. f6 Bg4 19.
f3 exf3 20. gxf3 Bh3 21. f4 Bxf6 22. fxe5 Bxe5 23. Rf2 Qg5+ 24. Kh1 Qh4 25. Qf3 Kh8 26. Nf6 Rab8 27. Nd7 Rxb5 28. Nxf8 Rb8 29.
Qxf7 Bg7 30. Re1 Bf5 31. Qxf5 Rxf8 32. Qxf8+ Bxf8 33. Rxf8+ Kg7 34. Rfe8 Qf2 35. R8e2 Qc5 36. Ra1 h5 37.
a5 h4 38. a6 Qd5+ 39. Kg1 Qc5+ 40. Rf2 h3 41. a7 Qg5+ 42. Kf1 Qb5+ 43. Ke1 Qe5+ 44. Re2 1-0

[Event "HSG Open 2022 A"]
[Site "Hilversum, Netherlands"]
[Date "2022.06.17"]
[Round "2.7"]
[White "Van Meegen, Ruud"]
[Black "Jonsson, Gauti Pall"]
[Result "0-1"]
[TimeControl "1:50 + 0.10"]
[WhiteElo "2285"]
[BlackElo "2036"]

1. d4 Nf6 2. c4 b6 3. Nc3 Bb7 4. f3 Nc6 5. e4 e5 6. d5 Ne7 7. Bd3 Ng6 8. Be3 h5 9. Qd2 h4 10. Nge2 Bc5 11. Bxc5 bxc5 12. O-O-O
Nh5 13. g3 d6 14. f4 Qd7 15. Bc2 O-O-O 16. Ba4 c6 17.
dxc6 Bxc6 18. Bxc6 Qxc6 19. Nb5 Kb8 20. f5 Ne7 21. g4 Nf6 22. Nec3 Nxe4 23. Qc2 Nxc3 24. Nxc3 Qf3 25. Rhg1 Qf4+ 26.
Kb1 Qxc4 27. Ne4 Qxc2+ 28. Kxc2 Kc7 29. Ng5 Rdf8 30. Ne4 Nc8 31. Rd2 Rd8 32. Rgd1 g6 33. f6 h3 34. Rd3 Kc6 35.
Ng5 Rd7 36. Rxh3 Rxh3 37. Nxh3 d5 38. Ng5 Nd6 39. Re1 e4 40. h4 Rd8 41. b3 Rh8 42. Rh1 d4 43. h5 gxh5 44. gxh5 Rh6 45.
Rh4 Kd5 46. Nh3 Ke5 47. Nf2 Kxf6 48. Nxe4+ Nxe4 49. Rxe4 Rxh5 50. b4 Kf5 51. Re7 c4 52. Rxf7+ Ke6 53. Rf2 a5 54. bxa5 Rxa5 55.
Kb2 Kd6 56. Rf4 c3+ 57. Kb3 Rb5+ 58. Kc2 Ke5 59. Rh4 Rb2+ 60. Kc1 Rxa2 61. Rh3 Kd5 62. Kb1 Rg2 63. Rh8 Kc4 64. Rh3 Rg1+ 65.
Kc2 d3+ 66. Rxd3 Rg2+ 0-1

[Event "HSG Open 2022 A"]
[Site "Hilversum, Netherlands"]
[Date "2022.06.17"]
[Round "2.8"]
[White "Pham, Khoi"]
[Black "Schilstra, Laurens"]
[Result "1-0"]
[TimeControl "1:50 + 0.10"]
[WhiteElo "2244"]
[BlackElo "1962"]

1. e4 c5 2. Nf3 e6 3. d4 cxd4 4. Nxd4 Nf6 5. Nc3 d6 6.
g4 h6 7. h4 Nc6 8. Nxc6 bxc6 9. Qf3 Nd7 10. Be3 Qa5 11. g5 Ne5 12. Qg2 Qb4 13. Bd2 Qxb2 14. Rb1 Qxc2 15. gxh6 gxh6 16. Rh3 d5 17. exd5 cxd5 18. f4 Qf5 19. fxe5 Bd7 20. Bd3 Qxe5+ 21. Re3 Qh5 22. Nxd5 Qxh4+ 23. Kf1 Bc6 24. Be1 Qd8 25. Rxe6+ fxe6 26. Qg6+ Kd7 27. Nf6+ Kd6 28. Bb4+ Ke5 29.
Re1+ Kd4 30. Re4+ Kxd3 31. Qg3+ Kc2 32. Qb3+ Kc1 33. Re1+ Qd1 34. Rxd1# 1-0

[Event "HSG Open 2022 A"]
[Site "Hilversum, Netherlands"]
[Date "2022.06.17"]
[Round "2.9"]
[White "Wagenvoorde, Guido"]
[Black "Grutter, Tim"]
[Result "1/2-1/2"]
[TimeControl "1:50 + 0.10"]
[WhiteElo "2090"]
[BlackElo "2234"]

1. d4 Nf6 2. c4 g6 3. Nc3 Bg7 4. e4 d6 5. Be2 O-O 6. Bg5 c5 7. d5 h6 8. Be3 e6 9. Qd2 exd5 10.
exd5 Kh7 11. h3 Re8 12. Nf3 Bf5 13. O-O Ne4 14. Nxe4 Bxe4 15. Rae1 a6 16. b3 Bxf3 17. Bxf3 Nd7 18.
Be2 Nf6 19. Bd3 Qd7 20. a4 Re7 21. Bf4 Rae8 22. Rxe7 Qxe7 23. Rd1 Nh5 24. Be3 Qh4 25. b4 Bd4 26. bxc5 dxc5 27. Bxd4 Qxd4 28.
Bf1 Qe5 29. g3 Ng7 30. Rb1 Re7 31. Bd3 Ne8 32. a5 Nd6 33. Qc2 Kg7 34. Kg2 Qd4 35. Rd1 Qe5 36. Rb1 1/2-1/2

[Event "HSG Open 2022 A"]
[Site "Hilversum, Netherlands"]
[Date "2022.06.17"]
[Round "2.10"]
[White "De Groote, Ewoud"]
[Black "Van Orsouw, Theo"]
[Result "1-0"]
[TimeControl "1:50 + 0.10"]
[WhiteElo "2233"]
[BlackElo "1868"]

1. e4 c5 2. Nf3 d6 3. d4 cxd4 4. Nxd4 Nf6 5. Nc3 g6 6. Be3 Bg7 7. Be2 O-O 8. h4 h5 9. Qd2 Nc6 10.
O-O-O d5 11. Nxc6 bxc6 12. exd5 Nxd5 13. Bd4 e5 14. Bc5 Be6 15. Ne4 Qc7 16. Ng5 Rfe8 17. Nxe6 Rxe6 18. Rh3 Rb8 19. Rb3 Rxb3 20. axb3 e4 21.
Bc4 Rf6 22. Bxd5 cxd5 23. Qxd5 Kh7 24. Be3 Re6 25. Kb1 Ra6 26. b4 Qe7 27. c3 Qxh4 28. Qxf7 Qg4 29. Rd7 1-0

[Event "HSG Open 2022 A"]
[Site "Hilversum, Netherlands"]
[Date "2022.06.17"]
[Round "2.11"]
[White "Zhu, Chenwu"]
[Black "Lanchava, Tea"]
[Result "0-1"]
[TimeControl "1:50 + 0.10"]
[WhiteElo "1972"]
[BlackElo "2231"]

1. e4 c6 2. d4 g6 3. Nc3 Bg7 4. f4 d5 5. e5 Nh6 6. Nf3 Bg4 7. Be2 Nf5 8. O-O h5 9. Ne1 e6 10.
Bxg4 hxg4 11. g3 Qe7 12. Ne2 c5 13. c3 Nc6 14. Nc2 Rc8 15. Ne3 cxd4 16. Nxf5 gxf5 17. Nxd4 Kf8 18. Be3 Kg8 19.
Nxc6 bxc6 20. b4 f6 21. exf6 Bxf6 22. Bd4 Rh3 23. Bxf6 Qxf6 24. Qd4 Qh6 25. Rf2 Rc7 26. Qe5 Rh7 27.
Qb8+ Qf8 28. Qxf8+ Kxf8 29. Re1 Ke7 30. Rfe2 R3h6 31. Rb1 Kd6 32. Rbe1 Rc7 33. Rb1 Rhh7 34. Rbe1 Rhe7 35. Kg2 c5 36.
b5 Rb7 37. a4 c4 38. Rb1 Kc5 39. Rbb2 Rb6 40. h4 gxh3+ 41. Kxh3 Rh7+ 42. Kg2 Rhb7 43. Rb4 Rd6 44. Rbb2 a6 45.
bxa6 Rxb2 46. Rxb2 Rxa6 47. Rb5+ Kc6 48. Rb4 Ra5 49. Kf3 Kc5 50. Ke3 d4+ 51. Kd2 d3 52. Ke3 Kd5 53. Kd2 Ra7 54.
Rb5+ Kc6 55. Rb4 Kd5 56. Rb5+ Ke4 57. Rb4 Rc7 58. Rb6 Kf3 59. Rxe6 Ra7 60. Rf6 Rxa4 61. Rxf5 Ra2+ 62. Kd1 Rc2 63.
Re5 Rxc3 64. f5 Ra3 65. Kc1 c3 66. Kb1 c2+ 67. Kb2 Ra2+ 0-1

[Event "HSG Open 2022 A"]
[Site "Hilversum, Netherlands"]
[Date "2022.06.17"]
[Round "2.12"]
[White "Dekker, Jasper"]
[Black "Tabak, Stefan"]
[Result "0-1"]
[TimeControl "1:50 + 0.10"]
[WhiteElo "1860"]
[BlackElo "2164"]

1. e4 c5 2. c3 e5 3. Nf3 Nf6 4. Nxe5 Qe7 5. d4 Nc6 6. Bd3 cxd4 7. Nxc6 dxc6 8. cxd4 Qb4+ 9. Bd2 Qxd4 10. Bc3 Bb4 11. O-O Bxc3 12. Nxc3 Bg4 13. Qc2 Rd8 14.
e5 Qxd3 15. Qxd3 Rxd3 16. exf6 gxf6 17. Ne4 Ke7 18. Rae1 Be6 19. f4 f5 20. Nc3 Rhd8 21. Rf2 Kf6 22. a3 a5 23. g3 b5 24.
Rc1 Rd2 25. Rc2 Rxf2 26. Kxf2 Bb3 27. Re2 b4 28. axb4 axb4 29. Nb1 c5 30. Ke3 c4 31. Rd2 Re8+ 32. Kf2 Ba2 33. Rd1 Rc8 34.
Ke3 Re8+ 35. Kf2 Ra8 36. Ke3 Bb3 37. Rd6+ Ke7 38. Rb6 Ba2 39. Nd2 c3 40. bxc3 bxc3 41. Nb3 c2 42. Kd2 Rc8 43.
Kc1 Rc4 44. Na5 Rc3 45. Nc6+ Kf8 46.
Nd4 Bb1 47. Nxf5 Ke8 48. Nd6+ Ke7 49. Nf5+ Kd7 50. Rd6+ Kc7 51. Rd2 Rf3 52. Rxc2+ Bxc2 53. Kxc2 Rf2+ 54. Kd3 Rxh2 55. Ke4 Kd7 56. Kf3 Ke6 57. Kg4 Ra2 58. Ng7+ Kf6 59. Nh5+ Kg6 60. f5+ Kh6 61. Nf4 Ra4 62. f6 Rb4 63. Kf5 Rb5+ 64. Ke4 Kg5 65. Nd5 h6 66. Nc3 Ra5 67. Nd5 Ra3 68. Ne3 Kxf6 69. Kf4 Ra4+ 70.
Kf3 Kg5 71. Kg2 Ra3 72. Nc2 Ra2 0-1

[ePGN "0.1;DGT LiveChess/2.2.5"]

[Event "HSG Open 2022 A"]
[Site "Hilversum, Netherlands"]
[Date "2022.06.18"]
[Round "3.1"]
[White "De Groote, Ewoud"]
[Black "Beerdsen, Thomas"]
[Result "0-1"]
[TimeControl "1:50 + 0.10"]
[WhiteElo "2233"]
[BlackElo "2494"]

1. d4 Nf6 2. c4 e6 3. Nf3 c5 4. d5 b5 5. dxe6 fxe6 6. cxb5 d5 7. e3 Bd6 8. Nbd2 Bb7 9. b3 Nbd7 10.
Bb2 O-O 11. Be2 e5 12. Nc4 Bc7 13. Ncxe5 Nxe5 14. Nxe5 Ba5+ 15. Kf1 Ne4 16. Nf3 Qe7 17. Qd3 d4 18. exd4 Rxf3 19. Bxf3 Nd2+ 20.
Kg1 Bxf3 21. h4 Be2 22. Qg3 Bxb5 23. dxc5 Rf8 24. Bd4 Bc7 25. Qg5 Qxg5 26. hxg5 Ne4 27. c6 a5 28. Be3 Be5 29.
Re1 Bxc6 30. Rh4 Bb8 31. Bb6 Nxg5 32. Bxa5 Ba7 33. Re2 h6 34. Be1 Rd8 35. a4 Rd1 36. Rc4 Bd5 37. Rc8+ Kh7 38.
b4 Ne6 39. Kh2 Nf4 40. Re5 Bd4 0-1

[Event "HSG Open 2022 A"]
[Site "Hilversum, Netherlands"]
[Date "2022.06.18"]
[Round "3.2"]
[White "Lanchava, Tea"]
[Black "Gilmanov, Mansur"]
[Result "1-0"]
[TimeControl "1:50 + 0.10"]
[WhiteElo "2231"]
[BlackElo "2390"]

1. c4 e5 2. Nc3 Bb4 3. Qc2 Nf6 4.
Nf3 Bxc3 5. Qxc3 d6 6. g3 Nc6 7. Bg2 Bg4 8. d3 a5 9. h3 Be6 10. O-O h6 11. d4 exd4 12. Nxd4 Nxd4 13.
Qxd4 O-O 14. g4 c5 15. Qc3 d5 16. cxd5 Nxd5 17. Qxc5 Rc8 18. Qb5 b6 19. a3 Rc5 20. Qd3 h5 21.
e4 Nf4 22. Qxd8 Ne2+ 23. Kh2 Rxd8 24. Be3 Rb5 25. g5 Rxb2 26. Rfb1 Rc2 27. Rxb6 Rd3 28. g6 Rb3 29. Rd1 Rc8 30.
Rbd6 Kf8 31. Rd8+ Rxd8 32. Rxd8+ Ke7 33. gxf7 Kxf7 34. Ra8 Rxa3 35.
Bf3 Nf4 36. Bd1 g5 37. h4 Rd3 38.
Ba4 Ne2 39. Bb5 Rxe3 40. fxe3 Nc3 41. Be8+ Kf6 42. hxg5+ Kxg5 43. Rxa5+ Kf6 44. Bc6 h4 45. Rc5 Nd1 46. Rh5 h3 47. e5+ Kg6 48. Be8+ Kg7 49. Rg5+ Kf8 50. Bh5 Nxe3 51. Be2 Kf7 52. Rg3 Ke7 1-0

[Event "HSG Open 2022 A"]
[Site "Hilversum, Netherlands"]
[Date "2022.06.18"]
[Round "3.3"]
[White "Tabak, Stefan"]
[Black "Harff, Marcel"]
[Result "0-1"]
[TimeControl "1:50 + 0.10"]
[WhiteElo "2164"]
[BlackElo "2329"]

1. e4 e6 2. d4 d5 3. e5 c5 4. c3 Nc6 5. Nf3 Bd7 6. Bd3 Rc8 7. O-O cxd4 8. Re1 dxc3 9. Nxc3 h6 10.
a3 a6 11. Be3 Na5 12. Bf4 Ne7 13. h4 Nc4 14. Qe2 Qb6 15. b4 Qd8 16. h5 b5 17. g4 Nb6 18. Rac1 g5 19. hxg6 Nxg6 20.
Bg3 Rg8 21. Kg2 Be7 22. Rh1 Bg5 23. Nxg5 Qxg5 24. Bxg6 Rxg6 25. f4 Qxg4 26. Qxg4 Rxg4 27. Kf3 Rg6 28. Ne2 Rxc1 29. Rxc1 Nc4 30.
Bh4 Bc6 31. Nd4 Bb7 32. Bf6 Kd7 33. f5 exf5 34. Rd1 f4 35. Kxf4 Rg2 36. Nb3 Kc7 37. Nc5 Rf2+ 38. Kg3 Rd2 39.
Rh1 Ne3 40. Kf4 d4 41. Nxb7 Kxb7 42. Rxh6 Nd5+ 43. Ke4 Nc3+ 44. Kf3 Rd3+ 45. Kf4 Rd1 46. Rh7 Rf1+ 47. Kg4 d3 48. Bg5 Kc6 49.
Rh6+ Kc7 50. Rxa6 Rg1+ 51. Kf5 Rxg5+ 52. Kxg5 d2 53. Ra7+ Kd8 54. Ra8+ Ke7 55. Ra7+ Ke6 0-1

[Event "HSG Open 2022 A"]
[Site "Hilversum, Netherlands"]
[Date "2022.06.18"]
[Round "3.4"]
[White "Elgersma, Onno"]
[Black "De Winter, Arthur"]
[Result "1-0"]
[TimeControl "1:50 + 0.10"]
[WhiteElo "2312"]
[BlackElo "2126"]

1. d4 Nf6 2. Nf3 g6 3. c4 Bg7 4. e3 O-O 5. Be2 d6 6. Nc3 Nbd7 7. O-O e5 8. Qc2 Re8 9. Rd1 e4 10.
Nd2 Qe7 11. b4 Nf8 12. a4 h5 13. a5 Bf5 14. a6 b6 15. b5 Ne6 16. Nf1 Ng4 17. h3 Nxf2 18. Kxf2 Bxd4 19. Kg1 Be5 20.
Bb2 Ng5 21. Nd5 Nxh3+ 22. gxh3 Qg5+ 23. Kh1 Bxh3 24. Bxh5 Bxf1 25. Bxe5 Rxe5 26. Rxf1 Kg7 27. Nf4 Rh8 28. Rf2 Rxh5+ 29. Nxh5+ Qxh5+ 30. Rh2 Qf3+ 31. Qg2 Qxe3 32. Rf1 f5 33. Rh3 Qd4 34. Qh2 e3 35. Rg1 Qe4+ 36. Qg2 e2 37. Qxe4 Rxe4 38.
Re1 f4 39. Rf3 Kf6 40. Rf2 Rxc4 41. Rexe2 d5 42. Rc2 Ke6 43. Rxc4 dxc4 44. Rxf4 Kd5 45. Rf7 Kc5 46. Rxc7+ Kxb5 47.
Rxa7 c3 48. Ra8 c2 49. Rc8 Kxa6 50. Rxc2 b5 51. Kg1 b4 52. Kf1 Kb5 53. Ke1 Ka4 54. Kd1 b3 55. Rg2 1-0

[Event "HSG Open 2022 A"]
[Site "Hilversum, Netherlands"]
[Date "2022.06.18"]
[Round "3.5"]
[White "Jonsson, Gauti Pall"]
[Black "Pham, Khoi"]
[Result "0-1"]
[TimeControl "1:50 + 0.10"]
[WhiteElo "2036"]
[BlackElo "2244"]

1. d4 Nf6 2. Bf4 d5 3. Nc3 e6 4. Nb5 Na6 5. e3 Be7 6. Bd3 O-O 7. g4 c6 8. Nc3 Nb4 9. g5 Nxd3+ 10. cxd3 Nd7 11. Nf3 c5 12. dxc5 Nxc5 13. b4 Nd7 14. a3 d4 15. Ne4 dxe3 16. fxe3 a5 17. Qc1 e5 18. Bg3 axb4 19.
axb4 Bxb4+ 20. Kf2 Rxa1 21. Qxa1 f5 22. gxf6 Nxf6 23. Qa2+ Kh8 24. Kg2 Qxd3 25. Neg5 Nd5 26. Bxe5 Nxe3+ 27. Kg3 Qc4 28. Qxc4 Nxc4 29. Bd4 h6 30. Ne4 Bf5 31. Nc3 Bd6+ 32. Kg2 b5 33. Nh4 b4 34. Nxf5 Rxf5 35. Ne4 Rd5 36.
Bf2 b3 37. Nc3 Rd3 38. Nb1 b2 39. Re1 Na3 40. Kf1 Bb4 41. Nxa3 Rxa3 0-1

[Event "HSG Open 2022 A"]
[Site "Hilversum, Netherlands"]
[Date "2022.06.18"]
[Round "3.6"]
[White "Van Foreest, Machteld"]
[Black "Boekelman, Jan"]
[Result "1-0"]
[TimeControl "1:50 + 0.10"]
[WhiteElo "2295"]
[BlackElo "2116"]

1. e4 c5 2. Nf3 a6 3. c4 Nc6 4. d4 cxd4 5. Nxd4 e5 6. Nf5 d5 7. cxd5 Bxf5 8. exf5 Nd4 9. Nc3 Nf6 10.
Bg5 Be7 11. Bxf6 Bxf6 12. Bd3 Qd7 13. O-O Nxf5 14. Na4 Rd8 15. Nb6 Qd6 16. Qa4+ Kf8 17. Nc4 Qc7 18. Bxf5 1-0

[Event "HSG Open 2022 A"]
[Site "Hilversum, Netherlands"]
[Date "2022.06.18"]
[Round "3.7"]
[White "In t Veld, Daan"]
[Black "Pijpers, Arthur"]
[Result "1/2-1/2"]
[TimeControl "1:50 + 0.10"]
[WhiteElo "2125"]
[BlackElo "2455"]

1. e4 c5 2. c3 Nf6 3. e5 Nd5 4. d4 cxd4 5. Nf3 Nc6 6. Bc4 Nb6 7. Bb3 d5 8. exd6 Qxd6 9. O-O Be6 10.
Na3 dxc3 11. Nb5 Qxd1 12. Rxd1 Rc8 13. Bxe6 c2 14. Rd2 fxe6 15. Rxc2 a6 16. Nbd4 Nxd4 17. Rxc8+ Nxc8 18. Nxd4 e5 19.
Ne6 Nd6 20. Bd2 Kf7 21. Nd8+ Ke8 22. Ne6 Kf7 23. Nd8+ Ke8 1/2-1/2